 Dungeon Crawl Stone Soup version 0.27-a0-686-gaed091b46b (webtiles) character file.

Game seed: 7233910800184086122

44 Allula97 the Skirmisher (level 3, -2/29 HPs)
             Began as a Demonspawn Berserker on Mar 21, 2021.
             Was a Follower of Trog.
             Slain by a gnoll
             ... wielding a +0 spear
              (9 damage)
             ... on level 2 of the Dungeon.
             The game lasted 00:02:35 (1343 turns).

Allula97 the Skirmisher (Demonspawn Berserker)      Turns: 1343, Time: 00:02:36

Health: -2/29      AC:  2    Str: 18    XL:     3   Next: 39%
Magic:  3/3        EV: 12    Int:  8    God:    Trog [*.....]
Gold:   18         SH:  0    Dex: 12    Spells: 2/2 levels left

rFire    . . .     SeeInvis .   a - +0 falchion
rCold    . . .     Faith    .   (no shield)
rNeg     . . .     Spirit   .   b - +0 animal skin
rPois    .         Reflect  .   (no helmet)
rElec    .         Harm     .   g - scarf {+Inv}
rCorr    .         Rampage  .   (no gloves)
Will     .....                  (no boots)
Stlth    +.........             (no amulet)
HPRegen  0.09/turn              (no ring)
MPRegen  0.08/turn              (no ring)

@: berserk cooldown, very slightly contaminated, slowed, invisible, very slow
A: hooves 2
a: Renounce Religion, Evoke Invisibility, Berserk


You were on level 2 of the Dungeon.
You worshipped Trog.
Trog was aware of your devotion.
You visited 1 branch of the dungeon, and saw 2 of its levels.

You collected 54 gold pieces.
You spent 36 gold pieces at shops.

Inventory:

Hand Weapons
 a - a +0 falchion (weapon)
Armour
 b - a +0 animal skin (worn)
 g - a scarf of invisibility (worn)
Scrolls
 c - a scroll of identify {unknown}
 d - a scroll of teleportation {unknown}
 e - a scroll of noise {unknown}
 h - a scroll of blinking {unknown}


   Skills:
 * Level 3.4 Fighting
 * Level 3.2 Long Blades
 * Level 2.0 Armour
 * Level 2.0 Dodging
 * Level 0.6 Stealth
 * Level 0.3 Evocations


You had 2 spell levels left.
You didn't know any spells.
Your spell library was empty.

Dungeon Overview and Level Annotations

Branches:
Dungeon (2/15)

Altars:
Makhleb

Shops:
D:2 !


Innate Abilities, Weirdness & Mutations

You have hoof-like feet.


Message History

The ooze quivers.
The kobold shouts!
A red film seems to cover your vision as you go berserk!
You feel yourself moving faster!
You feel mighty! The ooze hits you but does no damage.
You slash the ooze! You kick the ooze.
You kill the ooze!
Trog accepts your kill.
Your Dodging skill increases to level 2!
You feel a strong urge to attack something.
The kobold hits you with a +0 dagger.
You slash the kobold!
You kill the kobold!
Trog accepts your kill.
A gnoll comes into view. It is wielding a +0 halberd.
You see here a +0 dagger.
You feel a strong urge to attack something.
A gnoll comes into view. It is wielding a +0 spear.
The gnoll shouts!
A gnoll comes into view. It is wielding a +0 spear.
Found a leather armour.
A gnoll comes into view. It is wielding a +0 halberd.
You are no longer berserk.
You are exhausted.
You feel yourself slow down. The gnoll misses you.
The gnoll closely misses you.
Found a mace and a marble ring.
It was a potion of invisibility.
You fade into invisibility!
The gnoll hits you from afar with a +0 spear.
The gnoll completely misses you. The gnoll closely misses you. x2
The gnoll barely misses you.
You are very lightly contaminated with residual magic.
The gnoll hits you from afar with a +0 spear!
* * * LOW HITPOINT WARNING * * *
You feel better.
The gnoll hits you from afar with a +0 spear.
* * * LOW HITPOINT WARNING * * *
The gnoll hits you from afar with a +0 spear!
You die...

##∩.†#........#.........
#.............#........=
#.............#[........
#.............#.........
#......................)
#............##.........
#............).gg.......
#.....######...gg##.....
#.....# #...@.# ... ..
#...... ................
.. #####.
............... ..
................ ..
#####.....###### ..
....... #. ........
..........


You could see 4 gnolls.

Vanquished Creatures
  3 oozes
  A worm (D:2)
  A dart slug (D:2)
  A ball python (D:1)
  A giant cockroach (D:2)
  A goblin (D:1)
  3 hobgoblins
  3 jackals (D:2)
  A quokka (D:1)
  A bat (D:1)
  A frilled lizard (D:1)
  4 kobolds
  4 rats
25 creatures vanquished.

Notes
Turn   | Place    | Note
-------+----------+-------------------------------------------
     0 | D:1      | Allula97 the Demonspawn Berserker began the quest for the
                  | Orb.
     0 | D:1      | Reached XP level 1. HP: 18/18 MP: 1/1
   261 | D:1      | Gained mutation: You have large cloven feet. [demonic
                  | ancestry]
   261 | D:1      | Reached XP level 2. HP: 24/24 MP: 2/2
  1128 | D:2      | Found a burning altar of Makhleb.
  1128 | D:2      | Noticed a blizzard demon
  1131 | D:2      | Noticed a hellwing
  1131 | D:2      | Noticed a smoke demon
  1184 | D:2      | Found Saism's Distillery.
  1194 | D:2      | Gained mutation: You have hoof-like feet. [demonic
                  | ancestry]
  1194 | D:2      | Reached XP level 3. HP: 29/29 MP: 3/3
  1216 | D:2      | Bought a potion of curing for 36 gold pieces
  1343 | D:2      | Slain by a gnoll

Illustrated notes

Levels and vault maps discovered:
D:1:      dpeg_arrival_radiant, layout_basic, minmay_tetromino_l2
D:2:      layout_basic, serial_shops, nicolae_shop_competitors_out_of_business,
          makhleb_altar_promises_db, uniq_natasha

Skill      XL: |  1  2  3 |
---------------+----------+-----
Armour         | 2 |  2.0
Long Blades    | 3 |  3.2
Dodging        | 2 |  2.0
Fighting       | |  3.4
Stealth        | |  0.6
Evocations     | |  0.3

Action                   || total
-------------------------++-------
Melee: Falchion          ||    44
       Kick              ||     8
Invok: Berserk           ||     4
  Use: Potion            ||     2
Armor: Animal skin       ||     5
Dodge: Dodged            ||    38
       Rpst.: Falchion   ||    12

Table legend: (Time is in decaauts)
 A = Elapsed time spent in this place.
 B = Non-inter-level travel time spent in this place.
 C = Inter-level travel time spent in this place.
 D = Time resting spent in this place.
 E = Time spent auto-exploring this place.
 F = Levels seen in this place.
 G = Mean time per level.
                   A        B        C        D        E       F      G
               +--------+--------+--------+--------+--------+-----+--------+
         Total |   1374 |   1365 |      9 |      0 |   1114 |   2 |  687.0 |
       Dungeon |   1374 |   1365 |      9 |      0 |   1114 |   2 |  687.0 |
               +--------+--------+--------+--------+--------+-----+--------+

Top non-repeatable levels by time:
     D:1: 1072 daAuts
     D:2: 301 daAuts
